 Dungeon Crawl Stone Soup version 0.15-a0-1656-gb4d1502 (console) character file.

36500 Mac the Grappler (level 13, -5/131 HPs)
             Began as a Troll Fighter on June 22, 2014.
             Slain by a minotaur
             ... wielding a +0 lightning rod (1/13)
              (24 damage)
             ... in a labyrinth on June 23, 2014.
             The game lasted 00:50:18 (8489 turns).

Mac the Grappler (Troll Fighter)                    Turns: 8489, Time: 00:50:18

HP  -5/131       AC 14     Str 33      XL: 13   Next: 53%
MP  16/16        EV 15     Int  4      God:
Gold 588         SH 12     Dex  9      Spells:  2 memorised, 11 levels left

rFire  + . .     SeeInvis .       - Unarmed
rCold  . . .     Clarity  .     r - +2 robe {rF+}
rNeg   . . .     rCorr    .     c - +0 shield
rPois  .         rRot     .     (helmet restricted)
rElec  .         Spirit   .     (no cloak)
SustAb .         Warding  .     (gloves unavailable)
rMut   .         Stasis   .     (boots unavailable)
Gourm  +                        (no amulet)
MR     .....                    M - +5 ring of protection
                                f - +3 ring of evasion

@: studying Stealth, not resistant to hostile enchantments, very unstealthy
A: unfitting armour, claws 3, repulsion field 1, yellow scales 1, fast
metabolism 3, gourmand, regeneration 2, saprovore 2, shaggy fur 1, strong 1,
tough skin 2, no device heal 1
a: no special abilities


You were in a labyrinth.
You were not hungry.

You visited 3 branches of the dungeon, and saw 24 of its levels.
You also visited: Labyrinth and Bailey.

You collected 1530 gold pieces.
You spent 942 gold pieces at shops.

Inventory:

Hand weapons
 o - a +4 scimitar of flaming
 N - a +0 blowgun
Missiles
 b - 10 javelins
 t - 7 large rocks (quivered)
Armour
 c - a +0 shield (worn)
 q - a troll hide
 r - a +2 robe of fire resistance (worn)
 R - a +0 robe of positive energy
Magical devices
 j - a wand of magic darts (7)
 u - a wand of magic darts (9)
 B - a wand of cold (7)
 P - a wand of random effects (9)
 Z - a wand of cold (4)
Comestibles
 a - 6 meat rations
 w - 10 bread rations
 A - 2 slices of pizza
 O - a beef jerky
 S - 2 royal jellies
Scrolls
 C - a scroll of remove curse
 D - a scroll of magic mapping
 E - a scroll of vulnerability
 G - a scroll of teleportation
 L - 2 scrolls of noise
 Q - 3 scrolls of fear
Jewellery
 f - a +3 ring of evasion (left claw)
 g - an uncursed ring of stealth
 y - an uncursed ring of stealth
 M - a +5 ring of protection (right claw)
Potions
 d - 6 potions of heal wounds
 e - 4 potions of might
 h - 9 potions of curing
 i - a potion of magic
 k - a potion of lignification
 l - 2 potions of resistance
 p - a potion of restore abilities
 s - a potion of brilliance {unknown}
 v - 4 potions of agility
 x - a potion of degeneration {unknown}
 z - a potion of mutation {unknown}
 F - a potion of berserk rage {unknown}
 H - a potion of poison {unknown}
 U - 4 potions of invisibility
Books
 m - a book of Battle

   Spells                             Type                      Level
   Infusion                           Charms                       1
   Shroud of Golubria                 Charms/Translocation         2
   Song of Slaying                    Charms                       2
   Spectral Weapon                    Hexes/Charms                 3
   *Regeneration                      Charms/Necromancy            3
 n - a book of Debilitation

   Spells                             Type                      Level
   Corona                             Hexes                        1
   Slow                               Hexes                        2
   Inner Flame                        Hexes/Fire                   3
   Enslavement                        Hexes                        4
   Cause Fear                         Hexes                        4
   Leda's Liquefaction                Hexes/Earth                  4
 I - a manual of Stealth
 J - a book of Control

   Spells                             Type                      Level
   *Control Teleport                  Charms/Translocation         4
   Control Undead                     Necromancy                   4
   Enslavement                        Hexes                        4
   Metabolic Englaciation             Hexes/Ice                    5
   Mass Confusion                     Hexes                        6
 K - a tome of Destruction


   Skills:
 - Level 9.0 Fighting
 + Level 6.1 Throwing
 - Level 2.4 Dodging
 - Level 9.0 Shields
 * Level 13.6 Unarmed Combat
 - Level 3.0 Spellcasting
 - Level 5.0 Charms
 - Level 5.1 Necromancy


You had 11 spell levels left.
You knew the following spells:

 Your Spells              Type           Power        Failure   Level  Hunger
a - Control Teleport      Chrm/Tloc      #.........   98%         4    #####..
b - Regeneration          Chrm/Necr      #.........   17%         3    ####...


Dungeon Overview and Level Annotations

Branches:
Dungeon (13/15)               Orc (4/4) D:12            Elf (0/3) Orc:4
   Lair (7/8) D:10         Spider (0/5) Lair:6       Vaults (0/5) D:13
 Temple: D:4-7        Swamp: Lair:3-6    Shoals: Lair:3-6     Snake: Lair:3-6
  Slime: Lair:6-8

Altars:
Fedhas
Okawaru
Yredelemnul

Shops:
Orc:3 *   Orc:4 *%([


Innate Abilities, Weirdness & Mutations

You are too large for most types of armour.
You have claws for hands.
Your metabolism is lightning-fast.
You like to eat raw meat.
You heal very quickly.
You can eat rotten meat.
You are covered in fur (AC +1).
You have very tough skin (AC +2).
You are surrounded by a mild repulsion field (EV +2).
You are partially covered in yellow scales (AC +2).
Your muscles are strong. (Str +2)
Potions and wands are less effective at restoring your health.


Message History

The minotaur is almost dead.
You block the minotaur's attack. x2
You scratch the minotaur but do no damage.
The minotaur is almost dead.
You barely miss the minotaur.
The minotaur furiously retaliates!
The minotaur headbutts you!
* * * LOW HITPOINT WARNING * * *
The minotaur is almost dead.
You block the minotaur's attack. The minotaur gores you!
* * * LOW HITPOINT WARNING * * *
You barely miss the minotaur.
The minotaur is almost dead.
The minotaur hits you with a lightning rod!
* * * LOW HITPOINT WARNING * * *
The minotaur gores you.
* * * LOW HITPOINT WARNING * * *
Drink which item? (? for menu, Esc to quit)
You feel much better.
The minotaur hits you with a lightning rod!!
You die...

# # . .# # #. #
# #. .# .. ##.
##.# # . #. ..
.#.. # # ##
.#.##### ##. .#
... #..@#
......# #
##.......H.##
.....▓▓▓####(..#
#.###.▓ #.#.#
#.▓ #.(.# ..▓≈<.
.'..##
.▓≈≈.#.#....
.#.▓≈ #.# #### .
# .


You could see a minotaur (bleeding).

Vanquished Creatures
  An orc warlord (Orc:3)
  2 hydras (D:11)
  Erica (D:11)
  2 ogre magi (Orc:4)
  A centaur warrior (D:13)
  A deep elf knight (Bailey)
  Erolcha (D:13)
  2 deep trolls (Orc:4)
  An orc knight (Orc:3)
  2 hill giants (Orc:4)
  A griffon (Lair:6)
  3 orc sorcerers
  The ghost of Protee the Transmogrifier, an experienced DsTm of Qazlal (D:7)
  3 cyclopes
  A black mamba (Lair:4)
  A gargoyle (D:12)
  2 komodo dragons
  A spiny frog (Lair:4)
  A centaur zombie (D:11)
  9 trolls
  2 deep elf priests (Bailey)
  A polar bear (Lair:6)
  9 two-headed ogres
  6 slime creatures
  3 blink frogs (Lair:4)
  A spriggan (D:7)
  10 yaks
  3 deep elf magi (Bailey)
  3 hill giant zombies
  A trapdoor spider (Lair:6)
  4 wyverns
  10 ugly things
  2 hippogriffs
  A vampire (D:13)
  2 hill giant skeletons (D:12)
  A chaos spawn (Orc:1)
  3 wargs
  3 deep elf fighters (Bailey)
  A hungry ghost (D:11)
  A soldier ant (D:12)
  7 wolves (Lair:1)
  2 porcupines (Lair:1)
  2 water moccasins
  2 sky beasts
  15 orc warriors
  2 black bears
  2 phantoms
  3 ice beasts
  A yellow wasp (D:10)
  28 ogres
  A necrophage (D:11)
  4 centaurs
  3 crocodiles
  3 big kobolds
  6 giant frogs
  A scorpion (D:4)
  A warg zombie (Orc:3)
  10 wights
  13 killer bees
  An electric eel (Lair:6)
  3 crimson imps
  A hippogriff skeleton (D:9)
  7 hounds
  2 quasits (D:12)
  5 jellies
  2 iguanas (Lair:1)
  2 giant frog skeletons
  16 orc priests
  A centaur skeleton (D:7)
  29 orc wizards
  11 worker ants
  3 sheep (Lair:7)
  An orange rat (Lair:1)
  A big kobold zombie (D:9)
  A sky beast zombie (D:9)
  7 gnolls
  4 orc zombies
  A worker ant zombie (D:7)
  7 adders
  14 green rats
  4 shadow imps
  2 giant mites
  An iguana zombie (D:5)
  2 adder zombies
  An adder skeleton (D:6)
  An iguana skeleton (D:10)
  An ooze (D:3)
  116 orcs
  4 bats
  A bat zombie (D:7)
  2 giant cockroaches
  12 goblins
  6 hobgoblins
  4 jackals (D:7)
  17 kobolds
  5 quokkas
  2 giant geckos
  2 giant newts (D:6)
  A goblin skeleton (D:4)
  A hobgoblin skeleton (D:6)
  A hobgoblin zombie (D:6)
  4 rats
  2 plants (D:8)
521 creatures vanquished.

Vanquished Creatures (others)
  A sheep (Lair:7)
  A green rat (Lair:7)
  A fungus (Orc:4)
3 creatures vanquished.

Grand Total: 524 creatures vanquished

Notes
Turn   | Place    | Note
--------------------------------------------------------------
     0 | D:1      | Mac, the Troll Fighter, began the quest for the Orb.
     0 | D:1      | Reached XP level 1. HP: 22/22 MP: 1/1
   140 | D:1      | Reached XP level 2. HP: 29/29 MP: 1/1
   171 | D:2      | Reached skill level 3 in Unarmed Combat
   219 | D:2      | Reached XP level 3. HP: 36/36 MP: 2/2
   261 | D:3      | Reached skill level 4 in Unarmed Combat
   310 | D:4      | Reached XP level 4. HP: 31/44 MP: 2/2
   388 | D:4      | Noticed a scorpion
   398 | D:4      | Killed a scorpion
   398 | D:4      | Reached skill level 5 in Unarmed Combat
   398 | D:4      | Reached XP level 5. HP: 43/50 MP: 2/2
   552 | D:5      | Entered Level 5 of the Dungeon
   610 | D:5      | Noticed a sky beast
   611 | D:5      | Noticed an ogre
   626 | D:5      | Killed a sky beast
   626 | D:5      | Reached skill level 6 in Unarmed Combat
   626 | D:5      | Reached XP level 6. HP: 31/59 MP: 3/3
   640 | D:5      | Noticed an ogre
   642 | D:5      | Killed an ogre
   642 | D:5      | Reached skill level 7 in Unarmed Combat
   658 | D:5      | Killed an ogre
   691 | D:5      | Found a basalt altar of Yredelemnul.
   735 | D:5      | Reached XP level 7. HP: 64/66 MP: 3/3
   851 | D:5      | Reached skill level 8 in Unarmed Combat
   864 | D:5      | Noticed an ogre
   869 | D:5      | Killed an ogre
   877 | D:5      | Noticed a centaur
   886 | D:5      | Killed a centaur
   919 | D:5      | Noticed a centaur
   927 | D:5      | Killed a centaur
   927 | D:5      | Reached skill level 9 in Unarmed Combat
  1157 | D:6      | Reached XP level 8. HP: 67/74 MP: 3/3
  1313 | D:6      | Reached skill level 10 in Unarmed Combat
  1373 | D:7      | Noticed Protee's ghost (experienced DsTm)
  1394 | D:7      | Killed Protee's ghost
  1394 | D:7      | Reached skill level 11 in Unarmed Combat
  1504 | D:7      | Reached XP level 9. HP: 58/80 MP: 4/4
  1617 | D:6      | Reached skill level 12 in Unarmed Combat
  2485 | D:9      | Found a flagged portal.
  2500 | Bailey   | Entered a bailey
  2517 | Bailey   | Reached skill level 5 in Shields
  2611 | Bailey   | Noticed a deep elf knight
  2630 | Bailey   | Killed a deep elf knight
  2630 | Bailey   | Reached XP level 10. HP: 47/88 MP: 4/4
  2876 | D:10     | Entered Level 10 of the Dungeon
  3201 | D:10     | Found a staircase to the Lair.
  3677 | D:11     | Noticed a four-headed hydra
  3684 | D:11     | Killed a four-headed hydra
  3684 | D:11     | Reached skill level 5 in Fighting
  3684 | D:11     | Reached XP level 11. HP: 79/104 MP: 4/4
  3695 | D:11     | Noticed Erica
  3711 | D:11     | Killed Erica
  3741 | D:11     | Learned a level 4 spell: Control Teleport
  3947 | D:11     | Noticed an eight-headed hydra
  4034 | D:11     | Killed a hydra
  4098 | D:10     | Reached skill level 13 in Unarmed Combat
  4104 | D:10     | Lost intelligence.
  4184 | D:10     | Gained mutation: Your muscles are strong. (Str +2) [mutagenic meat]
  4185 | D:10     | Gained mutation: You are partially covered in yellow scales (AC +2). [mutagenic meat]
  4186 | D:10     | Gained mutation: Potions and wands are less effective at restoring your health. [mutagenic meat]
  4187 | D:10     | Gained mutation: You are surrounded by a mild repulsion field (EV +2). [mutagenic meat]
  4338 | D:11     | Learned a level 3 spell: Regeneration
  4448 | D:12     | Reached skill level 1 in Charms
  4448 | D:12     | Reached skill level 1 in Necromancy
  4491 | D:12     | Reached skill level 1 in Spellcasting
  4859 | D:13     | Reached XP level 12. HP: 66/118 MP: 9/9
  4907 | D:13     | Noticed a centaur warrior
  4917 | D:13     | Killed a centaur warrior
  4967 | D:13     | Noticed Erolcha
  5104 | D:13     | Killed Erolcha
  5165 | D:13     | Found a gate to the Vaults.
  5351 | D:12     | Found a staircase to the Orcish Mines.
  5384 | Orc:1    | Entered Level 1 of the Orcish Mines
  5700 | Orc:3    | Noticed an orc warlord
  5779 | Orc:3    | Killed an orc warlord
  5779 | Orc:3    | Reached skill level 5 in Necromancy
  5928 | Orc:3    | Found Ginkantu's General Store.
  5936 | Orc:3    | Bought 2 potions of agility for 80 gold pieces
  5936 | Orc:3    | Bought a scroll of vulnerability for 120 gold pieces
  5988 | Orc:4    | Entered Level 4 of the Orcish Mines
  6394 | Orc:4    | Reached skill level 5 in Charms
  6427 | Orc:3    | Upgraded the game from 0.15-a0-1646-g393eda0 to 0.15-a0-1656-gb4d1502
  6448 | Orc:4    | Found an iron altar of Okawaru.
  6449 | Orc:4    | Found a staircase to the Elven Halls.
  6668 | Orc:4    | Found Cuutasti's Assorted Antiques.
  6900 | Orc:4    | Reached XP level 13. HP: 80/126 MP: 16/16
  6945 | Orc:4    | Reached skill level 5 in Throwing
  7069 | Orc:4    | Found Osiahax's Food Boutique.
  7070 | Orc:4    | Found Cligy's Antique Weapon Shoppe.
  7072 | Orc:4    | Found Gushreot's Antique Armour Shop.
  7077 | Orc:4    | Noticed an ogre mage
  7122 | Orc:4    | Killed an ogre mage
  7243 | Orc:4    | Bought a blackened bronze ring for 150 gold pieces
  7302 | Orc:4    | Paralysed by an orc sorcerer for 3 turns
  7337 | Orc:3    | Bought a wand of cold (7) for 352 gold pieces
  7337 | Orc:3    | Bought a potion of curing for 32 gold pieces
  7337 | Orc:3    | Bought a scroll of noise for 16 gold pieces
  7337 | Orc:3    | Bought a beef jerky for 24 gold pieces
  7337 | Orc:3    | Bought a wand of random effects (9) for 88 gold pieces
  7337 | Orc:3    | Bought a meat ration for 80 gold pieces
  7525 | D:13     | Found a blossoming altar of Fedhas.
  7610 | Lair:1   | Entered Level 1 of the Lair of Beasts
  8196 | Lair:6   | Found a hole to the Spider Nest.
  8251 | Lair:7   | Found a labyrinth entrance.
  8324 | Lab      | Entered a labyrinth
  8488 | Lab      | HP: 4/131 [minotaur/lightning rod (4)]
  8489 | Lab      | Slain by a minotaur

Action                   |  1- 3 |  4- 6 |  7- 9 | 10-12 | 13-15 || total
-------------------------+-------+-------+-------+-------+-------++-------
Melee: Unarmed           |    76 |    63 |   268 |   985 |   315 ||  1707
       Scimitar          |       |       |       |    10 |       ||    10
Throw: Javelin           |       |       |       |    10 |       ||    10
       Large rock        |       |       |       |     5 |     6 ||    11
Evoke: Wand              |       |       |       |    11 |       ||    11
  Use: Scroll            |       |       |       |    18 |     2 ||    20
       Potion            |       |       |       |     1 |     1 ||     2
 Stab: Sleeping          |       |       |     7 |     1 |       ||     8
